 Dungeon Crawl Stone Soup version 0.31-a0-819-gf6de2f5ab6 (webtiles) character file.

Game seed: 17536963670705429918

51 qw the Shooter (level 3, -1/23 HPs)
             Began as a Gargoyle Hunter on Sept 23, 2023.
             Slain by a gnoll
             ... wielding a +1 halberd of venom
              (13 damage)
             ... on level 2 of the Dungeon.
             The game lasted 00:00:22 (1090 turns).

qw the Shooter (Gargoyle Hunter)                    Turns: 1090, Time: 00:00:23

Health: -1/23      AC:  6    Str: 14    XL:     3   Next: 81%
Magic:  3/3        EV: 11    Int:  9    God:
Gold:   58         SH:  0    Dex: 15    Spells: 2/2 levels left

rFire   . . .        Y - +0 shortbow
rCold   . . .        (shield currently unavailable)
rNeg    + . .        c - +0 leather armour
rPois   inf          (no helmet)
rElec   +            (no cloak)
rCorr   .            (no gloves)
SInv    .            (no boots)
Will    .....        (no amulet)
Stlth   ++           (no ring)
HPRegen 0.23/turn    (no ring)
MPRegen 0.08/turn

%: no passive effects
@: no status effects
A: sickness immunity, AC +3, negative energy resistance 1, electricity
resistance, torment resistance 1, petrification resistance
a: no special abilities


You were on level 2 of the Dungeon.
You visited 1 branch of the dungeon, and saw 2 of its levels.

You collected 58 gold pieces.


Innate Abilities, Weirdness & Mutations

You are immune to sickness and miasma.
Your stone body is resilient. (AC +3)
You are immune to poison.
You resist negative energy. (rN+)
You are resistant to electric shocks. (rElec)
You are resistant to unholy torment.
You are immune to petrification.


   Skills:
 - Level 3.0 Fighting
 + Level 5.0 Ranged Weapons
 - Level 1.5 Dodging
 - Level 1.1 Stealth


You had 2 spell levels left.
You didn't know any spells.
Your spell library was empty.

Inventory:

Hand Weapons
 Y - a +0 shortbow (weapon)
Armour
 c - a +0 leather armour (worn)
Potions
 a - a potion of heal wounds {unknown}
 g - a potion of cancellation {unknown}
 i - a potion of curing {unknown}

Dungeon Overview and Level Annotations

Branches:
Dungeon (2/15)

Altars:

Annotations:
D:2 1 runed translucent door, Crazy Yiuf


Message History

A gnoll comes into view. It is wielding a +0 whip.
The gnoll shouts!
You shoot an arrow. The arrow hits the gnoll!
The gnoll is heavily wounded.
A gnoll comes into view. It is wielding a +1 halberd of venom.
You shoot an arrow. The arrow hits the gnoll.
The gnoll is severely wounded.
A gnoll comes into view. It is wielding a +0 club.
1078 |||
Found retreat position at 2,1 (floor) with 0 blocking monsters and 2 monsters attacking at destination at distance 2
1078 |||
Found retreat position at 6,13 (floor) with 0 blocking monsters and 1 monsters attacking at destination at distance 62
1078 ||| RETREEAATING.
1079 |||
Found retreat position at 1,1 (floor) with 0 blocking monsters and 2 monsters attacking at destination at distance 1
1079 ||| STILL RETREEAATING.
The gnoll shouts!
1081 |||
Found retreat position at 2,-1 (floor) with 0 blocking monsters and 2 monsters attacking at destination at distance 3
1081 |||
Found retreat position at 5,13 (floor) with 0 blocking monsters and 1 monsters attacking at destination at distance 61
1081 ||| RETREEAATING.
You shoot an arrow. The arrow hits the gnoll.
You kill the gnoll!
You shoot an arrow. The arrow hits the gnoll.
The gnoll is lightly wounded.
You shoot an arrow. The arrow hits the gnoll.
The gnoll is moderately wounded.
You shoot an arrow. The arrow closely misses the gnoll.
You shoot an arrow. The arrow closely misses the gnoll.
The gnoll hits you with a +0 club.
You shoot an arrow. The arrow hits the gnoll.
The gnoll is heavily wounded.
The gnoll closely misses you. x2
You shoot an arrow. The arrow hits the gnoll!
You kill the gnoll!
The gnoll closely misses you.
Your Fighting skill increases to level 3!
You shoot an arrow. The arrow barely misses the gnoll.
The gnoll hits you from afar with a +1 halberd of venom!
You shoot an arrow. The arrow barely misses the gnoll.
The gnoll barely misses you.
The gnoll hits you from afar with a +1 halberd of venom!
Ouch! That really hurt!
You die...

.# .# # #.# ...#. #.#
##...## #.# ....... #.#
#....###.# #....g.#.#
.g....##)@.#
###.#.####.###############
# #.....................
<...###########..###### ..
#.>##.... ##### #####.###
#)..# #.# #...# #.### ...
#.#..


You could see a gnoll.

Vanquished Creatures
  2 gnolls (D:2)
  A dart slug (D:1)
  2 endoplasms
  A giant cockroach (D:1)
  4 goblins
  2 hobgoblins (D:1)
  5 jackals (D:1)
  2 quokkas (D:1)
  2 bats
  2 frilled lizards (D:1)
  2 kobolds (D:1)
  3 rats (D:1)
28 creatures vanquished.

Notes
Turn   | Place    | Note
-------+----------+-------------------------------------------
     0 | D:1      | qw the Gargoyle Hunter began the quest for the Orb.
     0 | D:1      | Reached XP level 1. HP: 12/12 MP: 1/1
     0 | D:1      | 0 ||| qw: Version: 0.3-a-83-gcd0e7d8
     0 | D:1      | 0 ||| qw: Game counter: 1576
     0 | D:1      | 0 ||| qw: Melee chars always use a shield: true
     0 | D:1      | 0 ||| qw: God list: Okawaru
     0 | D:1      | 0 ||| qw: Allow faded altars: false
     0 | D:1      | 0 ||| qw: Do Orc after clearing Dungeon:15 true
     0 | D:1      | 0 ||| qw: Do second Lair branch before Depths: true
     0 | D:1      | 0 ||| qw: Lair rune preference: random
     0 | D:1      | 0 ||| qw: Goals: Normal
     0 | D:1      | 0 ||| PLANNING D:1-11
   149 | D:1      | Reached XP level 2. HP: 17/17 MP: 2/2
   417 | D:1      | Reached XP level 3. HP: 18/21 MP: 3/3
   893 | D:1      | 893 ||| READING scroll labelled HAD GUMYWNOAGOBEAL.
   910 | D:1      | 910 ||| READING scroll labelled GACZYKH SESCHEA.
   911 | D:1      | 911 ||| READING scroll labelled SAOGOM LOCIBE.
   912 | D:1      | 912 ||| READING scroll labelled PEJEMO UWYNU.
   913 | D:1      | 913 ||| DROPPING scroll of butterflies.
   974 | D:2      | Reached skill level 5 in Ranged Weapons
  1000 | D:2      | Found a runed translucent door.
  1001 | D:2      | Noticed Crazy Yiuf
  1078 | D:2      | 1078 ||| RETREEAATING.
  1079 | D:2      | 1079 ||| STILL RETREEAATING.
  1081 | D:2      | 1081 ||| RETREEAATING.
  1089 | D:2      | Reached skill level 3 in Fighting
  1090 | D:2      | Slain by a gnoll

Levels and vault maps discovered:
D:1:      saegor_arrival_simple_d, layout_basic
D:2:      layout_basic, hellmonk_ecumenical_altar_dog_temple,
          uniq_crazy_yiuf_cottage

Skill      XL: |  1  2  3 |
---------------+----------+-----
Ranged Weapons | 5 |  5.0
Fighting       | 3 |  3.0
Dodging        | |  1.5
Stealth        | |  1.1

Action                     || total
---------------------------++-------
   Fire: Shortbow          ||    87
    Use: Scroll            ||     4
 Armour: Leather armour    ||    23
  Dodge: Dodged            ||    34

Table legend:
 A = Non-vault XP
 B = Vault XP
 C = Vault XP percentage of total XP
 D = Non-vault monster count
 E = Vault monster count
 F = Vault count percentage of total count
                 A         B        C        D         E       F
            +---------+---------+-------+---------+---------+-------
      Total |      73 |       0 |   0.0 |      28 |       0 |   0.0
            +---------+---------+-------+---------+---------+-------
        D:1 |      38 |       0 |   0.0 |      22 |       0 |   0.0
        D:2 |      35 |       0 |   0.0 |       6 |       0 |   0.0
            +---------+---------+-------+---------+---------+-------
